AoeStats
← RCM_SW

Arena

509241234Analyzed
3v3 RM · 7d ago on Sep 26, 2026· 27m 29s· 6 players
Game mode
Random Map
Map size
Normal (6 player)
Population
200
Speed
Normal
Resources
Standard
Victory
Conquest
Starting age
Dark Age
Ending age
Imperial Age
RankedLock teamsTeams togetherTeam positionsShared explorationLock speedFull tech treeHidden civsTurbo modeCheats
Victory
Defeat
🇨🇱 Franks · Chile
896
+15
🇨🇱 Malians · Chile
895
+15
🇨🇱 Japanese · Chile
886
+15
🇺🇸 Goths · United States
910
-16
🇺🇸 Varangians · United States
888
-16
🇺🇸 Franks · United States
825
-13
GatorDan65
5:14 Loom
11:30 Feudal Age
15:18 Castle Age
14:03 Double-Bit Axe
14:24 Horse Collar
14:53 Stone Mining
26:06 Bloodlines
Samwise
9:17 Feudal Age
13:00 Double-Bit Axe
17:02 Castle Age
15:27 Horse Collar
16:02 Man-at-Arms
17:39 Scale Mail Armor
18:30 Long Swordsman
20:31 Loom
Philly Jesus
3:36 Loom
11:54 Feudal Age
12:22 Double-Bit Axe
13:52 Wheelbarrow
19:51 Castle Age
17:58 Gold Mining
20:15 Scale Barding Armor
20:50 Forging
26:39 Hand Cart
RCM_SW
0:33 Loom
11:08 Feudal Age
11:37 Town Watch
11:52 Double-Bit Axe
15:40 Horse Collar
19:47 Castle Age
17:49 Man-at-Arms
19:11 Arson
19:57 Long Swordsman
20:40 Scale Mail Armor
21:09 Squires
21:59 Gambesons
23:14 Heavy Plow
25:55 Forging
LuisSW
0:32 Loom
11:15 Feudal Age
17:47 Castle Age
18:05 Double-Bit Axe
21:52 Gold Mining
23:18 Husbandry
25:51 Bow Saw
dameoroSW
7:21 Loom
10:06 Feudal Age
9:35 Loom
15:00 Castle Age
14:20 Double-Bit Axe
18:23 Forging
26:54 Scale Mail Armor
Connection lost

Rejoining the realm…

Still unreachable

The connection could not be restored.

Session expired

The server has moved on; the page needs a fresh start.